Map: Purity and Industry LE

Players

Mabadi

  • Race: Terran Terran
  • League: Master
  • Spawn Location: 12:00

ieLLiMo - Winner!

  • Race: Protoss Protoss
  • League: Master
  • Spawn Location: 3:00

VOD

Have the link to the VOD?

Description

Time

  • Played on: May 17, 2020, 7:47 p.m.
  • Length: 17:04
Show
View Real Time Build Order
Export as new Build Order

Mabadi Terran 

Build Orders: Reaper Expand 

Get SALT Encoding   

  12  0:00  SCV  
  13  0:13  SCV  
  14  0:17  Supply Depot  
  14  0:25  SCV  
  15  0:39  SCV  
  15  0:40  Barracks  
  16  0:44  Refinery  
  16  0:51  SCV  
  17  1:03  SCV  
  18  1:15  SCV  
  19  1:27  Orbital Command, Reaper  
  20  1:43  Command Center  
  20  1:53  SCV  
  21  1:55  Supply Depot  
  21  1:59  Marine  
  22  2:06  SCV  
  23  2:17  Marine  
  23  2:18  SCV  
  23  2:22  Bunker  
  25  2:31  SCV  
  26  2:43  SCV  
  28  2:52  Barracks Reactor  
  28  2:56  SCV, Command Center  
  28  2:58  Refinery  
  28  2:59  Factory  
  28  3:02  Orbital Command  
  28  3:08  SCV  
  29  3:20  SCV  
  30  3:28  SCV  
  31  3:41  SCV  
  32  3:46  Marine x2  
  32  3:47  Widow Mine  
  36  3:50  SCV, Starport  
  36  3:55  SCV  
  37  4:02  SCV  
  38  4:03  Barracks  
  38  4:04  Barracks  
  38  4:05  Marine  
  38  4:06  Marine  
  38  4:07  SCV  
  38  4:09  Widow Mine  
  43  4:15  Orbital Command  
  43  4:16  SCV  
  44  4:19  SCV  
  45  4:25  Engineering Bay  
  45  4:26  Supply Depot, Engineering Bay  
  45  4:28  Marine  
  45  4:29  Marine  
  45  4:30  Widow Mine  
  49  4:32  Medivac  
  49  4:34  SCV  
  52  4:39  SCV  
  52  4:42  SCV  
  54  4:46  Refinery  
  54  4:48  Supply Depot, Refinery  
  54  4:49  Marine x2  
  56  4:53  Marine x2  
  56  4:55  Factory Tech Lab  
  58  5:02  Starport Tech Lab  
  58  5:03  SCV x2  
  60  5:09  Marine x2  
  60  5:13  SCV  
  63  5:15  Terran Infantry Armor Level 1, Terran Infantry Weapons Level 1, SCV  
  63  5:19  SCV  
  65  5:25  SCV  
  66  5:29  SCV  
  66  5:31  SCV  
  66  5:32  Barracks  
  66  5:34  Barracks  
  68  5:36  Factory Reactor, Starport Reactor  
  68  5:38  SCV  
  68  5:40  Marine x2  
  68  5:41  SCV, Marauder x2  
  74  5:43  SCV  
  73  5:57  Combat Shield, Stimpack  
  73  5:59  SCV x3  
  73  6:00  Marine  
  77  6:08  Supply Depot  
  77  6:09  Supply Depot, Armory  
  77  6:11  Orbital Command  
  77  6:24  SCV x2  
  77  6:29  Marine x2  
  77  6:30  Marauder x2  
  83  6:39  Marine x2  
  77  6:53  Marine x4  
  77  6:54  Viking, Widow Mine x2  
  77  6:55  SCV x2  
  77  6:58  SCV  
  84  7:06  Barracks Reactor x2  
  84  7:07  SCV  
  84  7:08  Medivac  
  87  7:15  Marine x2  
  89  7:16  Marauder x2  
  93  7:22  SCV  
  93  7:27  SCV  
  92  7:35  Marine x2  
  92  7:36  SCV x2  
  92  7:37  Marine  
  84  7:43  Terran Ship Weapons Level 1  
  78  7:45  Marine x5  
  78  7:46  Widow Mine x2, Medivac  
  87  7:58  Marine x2  
  87  8:00  Medivac  
  87  8:01  SCV x2  
  87  8:05  Supply Depot  
  93  8:06  Supply Depot, Marine x3  
  93  8:07  SCV  
  93  8:11  Terran Infantry Weapons Level 2  
  88  8:30  Marine x3  
  88  8:31  Marine x5  
  86  8:55  Marine x4  
  78  8:56  Marine x3  
  78  8:57  Viking x2, Widow Mine x2  
  78  9:02  Marine  
  89  9:07  Missile Turret x3  
  89  9:09  Missile Turret x2  
  82  9:12  SCV x3  
  73  9:24  SCV  
  64  9:34  Marine  
  64  9:35  SCV, Marine x2  
  64  9:36  SCV  
  64  9:38  Terran Ship Weapons Level 2  
  69  9:40  Marine x5  
  69  9:42  Viking x2, Widow Mine x2  
  69  9:44  SCV  
  83  9:48  SCV  
  83  9:50  Missile Turret  
  83  9:51  Missile Turret  
  83  9:52  Marine  
  84  9:54  Missile Turret  
  84  9:59  Marine x6  
  90  10:00  Marine  
  88  10:10  Marine  
  84  10:16  Marine  
  84  10:17  Marine x2  
  87  10:27  Marine x2  
  59  10:51  Marine  
  59  10:52  Marine x2  
  59  10:53  Marine x2  
  62  11:07  Marine x3  
  62  11:08  Medivac x2  
  62  11:09  Marine, SCV x2  
  72  11:21  SCV x2  
  71  11:31  Marine x4  
  71  11:32  Marine x2  
  72  11:33  SCV x2  
  72  11:38  Medivac x2, Marine x2  
  76  11:45  SCV  
  76  11:46  Terran Infantry Weapons Level 3  
  77  11:52  Marine x2  
  79  11:59  Marine x3  
  79  12:00  Marine  
  83  12:02  SCV  
  83  12:03  SCV  
  85  12:10  Medivac  
  85  12:12  Medivac  
  85  12:14  Marine x2  
  91  12:18  Marine x3  
  91  12:20  SCV  
  95  12:29  Marine  
  96  12:30  Marine  
  97  12:42  Command Center  
  96  12:54  Marine x5  
  96  12:55  Marine  
  96  12:56  Medivac x2  
  106  13:15  Concussive Shells  
  106  13:16  SCV  
  106  13:17  SCV  
  106  13:19  Marine  
  108  13:24  Supply Depot  
  108  13:26  Supply Depot  
  109  13:28  SCV  
  100  13:47  Marine  
  100  13:48  Marine x6  
  92  13:51  Ghost Academy, SCV x2  
  97  14:13  Orbital Command  
  97  14:14  Refinery x2  
  97  14:15  SCV x2  
  99  14:19  Terran Infantry Armor Level 2  
  99  14:27  Enhanced Shockwaves  
  94  14:54  Marine x3  
  94  14:55  Marine x4  
  101  15:00  Unknown  
  101  15:03  Medivac x2  
  107  15:12  Marine  
  107  15:13  Widow Mine x2  
  104  15:28  Unknown  
  104  15:34  Marine x2  
  104  15:35  Marine x2  
  105  15:37  Orbital Command  
  105  15:41  Unknown  
  59  15:54  Marine x2  
  59  15:55  Marine x5  
  51  15:59  Marine  
  51  16:12  Marine  
  51  16:13  Marine  
  51  16:17  Marine  
  54  16:30  Marine  
  46  16:44  Marine x2  
Show
View Real Time Build Order
Export as new Build Order

ieLLiMo Protoss - Winner!

Build Orders: 1 Gate Expand, Carriers, Carrier Rush 

Get SALT Encoding   

  12  0:00  Probe  
  13  0:12  Probe  
  14  0:18  Pylon  
  14  0:24  Probe (Chrono Boost)  
  15  0:36  Probe (Chrono Boost)  
  15  0:38  Gateway  
  16  0:45  Probe (Chrono Boost)  
  16  0:47  Assimilator  
  17  0:51  Probe  
  18  1:03  Probe  
  19  1:15  Probe  
  20  1:26  Cybernetics Core  
  20  1:33  Nexus  
  20  1:36  Probe  
  21  1:43  Assimilator  
  21  1:49  Pylon  
  21  1:52  Probe  
  22  2:02  Warp Gate  
  22  2:04  Probe (Chrono Boost)  
  22  2:06  Adept (Chrono Boost)  
  25  2:14  Probe (Chrono Boost)  
  26  2:19  Probe (Chrono Boost), Pylon  
  27  2:36  Probe  
  27  2:46  Adept  
  27  2:48  Probe (Chrono Boost)  
  30  2:51  Stargate  
  32  2:58  Probe (Chrono Boost)  
  32  2:59  Probe (Chrono Boost)  
  32  3:04  Probe (Chrono Boost)  
  33  3:06  Twilight Council, Probe (Chrono Boost)  
  34  3:14  Probe  
  34  3:16  Stalker, Probe  
  38  3:26  Probe  
  36  3:43  Probe x2  
  39  3:55  Probe  
  39  3:56  Fleet Beacon  
  39  3:59  Probe  
  39  4:01  Assimilator  
  40  4:03  Assimilator  
  40  4:07  Probe (Chrono Boost)  
  43  4:17  Probe (Chrono Boost)  
  43  4:19  Probe (Chrono Boost)  
  43  4:22  Pylon  
  43  4:23  Probe (Chrono Boost)  
  44  4:24  Probe (Chrono Boost)  
  44  4:30  Stargate  
  45  4:34  Probe  
  45  4:35  Probe  
  45  4:36  Pylon  
  47  4:46  Probe  
  47  4:47  Probe, Carrier (Chrono Boost)  
  55  4:58  Probe  
  55  4:59  Probe  
  57  5:02  Adept  
  57  5:05  Gateway  
  59  5:07  Gateway  
  59  5:13  Pylon  
  59  5:14  Carrier (Chrono Boost)  
  64  5:28  Gateway  
  64  5:31  Gateway  
  64  5:38  Probe x2  
  61  5:55  Probe x2  
  63  6:02  Carrier (Chrono Boost)  
  69  6:10  Carrier (Chrono Boost)  
  74  6:24  Adept x2  
  78  6:29  Pylon  
  78  6:33  Pylon  
  76  6:52  Adept x2, Carrier  
  82  6:58  Adept x2  
  86  7:02  Adept  
  88  7:12  Adept x2  
  92  7:36  Carrier  
  84  7:37  Adept x2  
  84  7:49  Adept x3  
  88  7:58  Adept  
  90  7:59  Adept  
  92  8:11  Adept  
  82  8:31  Adept x3  
  82  8:32  Adept x2  
  88  8:56  Adept x3  
  94  9:16  Carrier  
  84  9:39  Adept x4  
  84  9:40  Adept  
  94  10:33  Nexus  
  94  11:08  Pylon  
  94  11:40  Templar Archives  
  94  11:43  Pylon  
  94  11:47  Assimilator  
  94  11:48  Pylon  
  94  11:51  Pylon, Assimilator  
  94  11:53  Gateway, Pylon  
  94  11:54  Probe x3  
  94  11:55  Forge, Psionic Storm  
  97  12:05  Blink  
  97  12:06  Probe x2  
  99  12:17  High Templar x4  
  99  12:18  High Templar  
  109  12:26  Probe  
  109  12:27  Probe x2  
  112  12:36  Pylon  
  112  12:39  Robotics Facility  
  112  12:40  Protoss Ground Armor Level 1 (Chrono Boost), High Templar  
  112  12:41  High Templar, Pylon  
  102  12:51  Zealot x2  
  102  12:52  Adept  
  106  13:09  High Templar  
  106  13:11  High Templar x2  
  106  13:12  High Templar x2  
  116  13:13  High Templar  
  112  13:26  Gateway  
  112  13:27  Gateway  
  112  13:31  Gateway  
  112  13:33  Pylon  
  108  13:46  High Templar x4  
  108  13:47  Stalker x2  
  120  13:50  Probe x2  
  120  13:51  Observer  
  123  13:55  Robotics Bay  
  123  13:57  Robotics Facility  
  123  14:00  Pylon  
  123  14:11  High Templar x2  
  127  14:20  High Templar x2, Stalker  
  127  14:21  Zealot  
  135  14:33  Stalker  
  135  14:48  High Templar  
  135  14:52  High Templar, Stalker  
  136  14:53  Zealot x4  
  136  15:32  Pylon  
  130  15:36  Pylon  
  130  15:40  Nexus  
  117  16:00  Pylon  
  117  16:03  Pylon  
  115  16:12  Nexus  
  115  16:19  High Templar, Cybernetics Core  
  115  16:21  High Templar x3  
  113  16:43  Archon x2  
  101  16:49  High Templar  
  101  16:50  High Templar, Stalker  
  101  16:51  Zealot x3  
  101  16:53  Zealot  
  101  16:54  Zealot  
  115  17:03  Robotics Facility  
Tags
 
Add a new tag
Caveats
  • Supply blocks, unpowered buildings, or Contaminate may cause inaccurate times.
  • Supply counts are checked every 10 seconds.